 Dungeon Crawl Stone Soup version 0.23.1-37-gaa34b87 (webtiles) character file.

Game seed: 13441494625378093162

9616 esteth the Thaumaturge (level 11, -2/81 HPs)
             Began as a Gnoll Wizard on Mar 23, 2019.
             Was a Priest of Sif Muna.
             Slain by a spiny frog (18 damage)
             ... on level 1 of the Lair of Beasts.
             The game lasted 00:44:13 (16680 turns).

esteth the Thaumaturge (Gnoll Wizard)              Turns: 16680, Time: 00:44:13

Health: -2/81      AC: 10    Str:  9    XL:     11   Next: 49%
Magic:  13/24      EV: 16    Int: 29    God:    Sif Muna [***...]
Gold:   682        SH:  0    Dex: 14    Spells: 3/29 levels left

rFire    . . .     SeeInvis +   E - +4 dagger "Morg" {pain, MR+ Int+5}
rCold    + . .     Gourm    .   (no shield)
rNeg     . . .     Faith    .   M - +0 troll leather armour
rPois    .         Spirit   .   b - +1 hat
rElec    .         Reflect  .   u - +0 cloak
rCorr    .         Harm     .   C - +1 pair of gloves
MR       +....                  y - +0 pair of boots
Stlth    +++.......             A - amulet of rage
HPRegen  0.63/turn              o - ring of protection from cold
MPRegen  0.19/turn              j - ring of see invisible

@: lethally poisoned (-2 -> -3), studying Evocations
A: distributed training, fangs 1, strong nose
a: Divine Energy, Channel Magic, Renounce Religion, Evoke Berserk Rage


You were on level 1 of the Lair of Beasts.
You worshipped Sif Muna.
Sif Muna was most pleased with you.
You were not hungry.

You visited 2 branches of the dungeon, and saw 12 of its levels.

You collected 682 gold pieces.

Inventory:

Hand Weapons
 k - a +0 dagger of holy wrath
 q - a +0 rapier
 r - a +4 dagger
 s - a -1 quarterstaff
 E - the +4 dagger "Morg" (weapon) {pain, MR+ Int+5}
   (You found it on level 7 of the Dungeon)

   In the hands of one skilled in necromantic magic, it inflicts extra damage on
   living creatures.
   It affects your intelligence (+5).
   It affects your resistance to hostile enchantments.
 T - a +0 blowgun
Missiles
 U - 8 curare-tipped needles (quivered)
Armour
 b - a +1 hat (worn)
 g - a +0 pair of gloves
 h - a +1 robe of cold resistance
 u - a +0 cloak (worn)
 y - a +0 pair of boots (worn)
 C - a +1 pair of gloves (worn)
 M - a +0 troll leather armour (worn)
Magical Staves
 G - an uncursed staff of cold
 I - an uncursed staff of poison
 J - an uncursed staff of conjuration
Jewellery
 f - an uncursed ring of resist corrosion
 j - a ring of see invisible (right hand)
 o - a ring of protection from cold (left hand)
 A - an amulet of rage (around neck)
 H - an uncursed ring of fire
 L - a +6 ring of strength
 X - the amulet of Ashenzari's Favour {Gourm rN+ Str+4 Dex+3, unknown}
   (You found it on level 1 of the Lair of Beasts)

   [amulet of the gourmand]

   It allows you to eat raw meat even when not hungry.
   It affects your strength (+4).
   It affects your dexterity (+3).
   It protects you from negative energy.
Wands
 m - a wand of disintegration (18)
 p - a wand of digging (6)
 Q - a wand of flame (27)
 R - a wand of iceblast (10)
 W - a wand of paralysis (4)
Scrolls
 e - 5 scrolls of magic mapping
 i - 4 scrolls of amnesia
 n - 6 scrolls of identify
 t - a scroll of enchant weapon
 K - a scroll of remove curse
 O - a scroll of enchant armour
Potions
 a - a potion of berserk rage {unknown}
 l - 3 potions of invisibility {unknown}
 v - a potion of cancellation {unknown}
 w - 3 potions of flight {unknown}
 z - 3 potions of degeneration {unknown}
 B - a potion of magic {unknown}
 D - a potion of might
 F - a potion of resistance {unknown}
 N - 2 potions of curing
 P - 2 potions of ambrosia {unknown}
 S - 2 potions of heal wounds {unknown}
Books
 x - a manual of Evocations
Miscellaneous
 c - a fan of gales (inert)
Comestibles
 d - 14 rations
 V - 8 chunks of flesh


   Skills:
 + Level 6.2 Fighting
 + Level 6.2 Short Blades
 + Level 6.2 Long Blades
 + Level 6.2 Axes
 + Level 6.2 Maces & Flails
 + Level 6.2 Polearms
 + Level 6.2 Staves
 + Level 6.2 Slings
 + Level 6.2 Bows
 + Level 6.2 Crossbows
 + Level 6.2 Throwing
 + Level 6.2 Armour
 + Level 7.8 Dodging
 + Level 7.6 Stealth
 + Level 6.2 Shields
 + Level 6.2 Unarmed Combat
 + Level 9.5 Spellcasting
 + Level 5.6 Conjurations
 + Level 5.1 Hexes
 + Level 5.1 Charms
 + Level 5.6 Summonings
 + Level 5.1 Necromancy
 + Level 5.6 Translocations
 + Level 5.1 Transmutations
 + Level 5.1 Fire Magic
 + Level 5.1 Ice Magic
 + Level 5.1 Air Magic
 + Level 5.1 Earth Magic
 + Level 5.1 Poison Magic
 + Level 6.8 Invocations
 + Level 8.2 Evocations


You had 3 spell levels left.
You knew the following spells:

 Your Spells              Type           Power        Failure   Level  Hunger
a - Magic Dart            Conj           ####         1%          1    None
b - Blink                 Tloc           N/A          1%          2    None
c - Call Imp              Summ           #####...     1%          2    None
d - Conjure Flame         Conj/Fire      #####...     1%          3    None
e - Mephitic Cloud        Conj/Pois/Air  #####...     1%          3    None
f - Summon Ice Beast      Ice/Summ       #####...     5%          4    None
g - Poisonous Vapours     Pois/Air       #####.       1%          2    None
h - Olgreb's Toxic Radia  Pois           #####...     6%          4    None
i - Venom Bolt            Conj/Pois      #####.....   16%         5    ####...

Your spell library contained the following spells:

 Spells                   Type           Power        Failure   Level  Hunger
 Infusion                 Chrm           ####         1%          1    None
 Sting                    Conj/Pois      ####         1%          1    None
 Summon Small Mammal      Summ           ####         1%          1    None
 Corpse Rot               Necr           N/A          1%          2    None
 Shroud of Golubria       Chrm/Tloc      #####.....   1%          2    None
 Slow                     Hex            #####...     1%          2    None
 Song of Slaying          Chrm           #####...     1%          2    None
 Sublimation of Blood     Necr           #####.....   1%          2    None
 Call Canine Familiar     Summ           #####...     1%          3    None
 Regeneration             Chrm/Necr      #####.....   1%          3    None
 Spectral Weapon          Hex/Chrm       #####...     1%          3    None
 Summon Guardian Golem    Hex/Summ       #####...     1%          3    None
 Summon Lightning Spire   Summ/Air       #####...     5%          4    None
 Bolt of Draining         Conj/Necr      #####.....   16%         5    ####...
 Agony                    Necr           #####...     17%         5    ####...
 Dispel Undead            Necr           #####...     17%         5    ####...
 Excruciating Wounds      Chrm/Necr      #####.....   17%         5    ####...


Dungeon Overview and Level Annotations

Branches:
Dungeon (11/15)            Temple (0/1) D:6            Lair (1/6) D:9
    Orc (0/2) D:10

Altars:
Cheibriados
Dithmenos
Okawaru
Sif Muna
Uskayaw
Vehumet
Yredelemnul

Annotations:
D:1 1 exclusion
D:2 exclusion: downstairs
D:4 1 runed translucent door, Crazy Yiuf
D:8 1 runed translucent door, Irenicus's ghost, amateur DDEE


Innate Abilities, Weirdness & Mutations

Your experience applies equally to all skills.
You have very sharp teeth.
Your uncanny sense of smell can sniff out nearby items.


Message History

The spiny frog is heavily wounded.
You feel sick.
The spiny frog is engulfed in blazing flames.
The spiny frog closely misses you.
Your ice beast barely misses the spiny frog.
The spiny frog barely misses you.
You hit the spiny frog.
The spiny frog is heavily wounded.
The spiny frog is engulfed in blazing flames.
The spiny frog stings you! The komodo dragon bites your ice beast.
The spiny frog stings you.
Your ice beast barely misses the spiny frog.
You hit the spiny frog.
The spiny frog writhes in agony.
The spiny frog is severely wounded.
Your ice beast hits the komodo dragon but does no damage.
The spiny frog is engulfed in blazing flames.
The spiny frog stings you!
* * * LOW HITPOINT WARNING * * *
The spiny frog stings you!!
You die...

# .# ###########
..####....l....##
...........###Y.# .#.#.#+#Y###
##l# .....÷..l..# #Y# ###
...........# #F### #..
...≈####Y..# ?#F@.#### #.#
...## ##...# .###.##.####.#
...####≈..##..###.........###
.........#.#..#.............#
........#...###.............##
#.###.####..:##........?.....#
### ###.l.#/.##.#.......<..###
#$... ##.#.#..........######
##### ##.......##........#


You could see a komodo dragon, 2 spiny frogs and 2 friendly ice beasts.

Vanquished Creatures
  Sonja (D:10)
  A manticore (D:7)
  Maurice (D:10)
  A spiny frog (Lair:1)
  A troll (D:10)
  5 hippogriffs
  Sigmund (D:3)
  A wyvern (D:9)
  7 yaks
  A steam dragon (D:5)
  Menkaure (D:7)
  A water moccasin (Lair:1)
  2 porcupines (D:9)
  3 orc warriors
  6 sky beasts
  An ice beast (D:10)
  A black bear (D:8)
  A necrophage (D:10)
  An eye of draining (D:9)
  2 phantoms
  4 ogres
  2 centaurs (D:5)
  3 wolves (D:10)
  A big kobold (D:9)
  5 bullfrogs
  4 scorpions
  A killer bee (D:7)
  3 wights (D:9)
  3 crimson imps
  A jelly (D:8)
  3 orc priests
  9 orc wizards
  3 bullfrog skeletons
  3 centaur skeletons
  6 iguanas
  10 worker ants
  A killer bee zombie (D:9)
  A hound skeleton (D:5)
  5 gnolls
  11 adders
  5 shadow imps
  An ooze (D:1)
  2 adder skeletons
  A worm (D:5)
  5 dart slugs
  10 leopard geckos
  47 orcs
  3 ball pythons
  3 bats
  4 giant cockroaches (D:2)
  19 hobgoblins
  12 jackals
  26 kobolds
  A quokka (D:7)
  3 frilled lizards
  15 goblins
  A quokka skeleton (D:6)
  2 quokka zombies
  8 rats
286 creatures vanquished.

Vanquished Creatures (collateral kills)
  A two-headed ogre (D:8)
  A wraith (D:10)
  A wyvern (D:8)
  Grum (D:10)
  An orc warrior (D:10)
  An ogre (D:10)
  3 bullfrogs
  2 wights (D:9)
  A howler monkey (D:9)
  A worker ant (D:7)
  A worker ant zombie (D:7)
  2 orcs (D:10)
  2 kobolds (D:9)
  A leopard gecko zombie (D:7)
19 creatures vanquished.

Vanquished Creatures (others)
  An ice beast (D:10)
  2 fungi
  A plant (Lair:1)
  A withered plant (D:8)
5 creatures vanquished.

Grand Total: 310 creatures vanquished

Notes
Turn   | Place    | Note
-------+----------+-------------------------------------------
     0 | D:1      | esteth the Gnoll Wizard began the quest for the Orb.
     0 | D:1      | Reached XP level 1. HP: 13/13 MP: 8/8
   143 | D:1      | Reached XP level 2. HP: 19/19 MP: 6/10
   771 | D:1      | Reached XP level 3. HP: 25/25 MP: 11/11
  1269 | D:2      | Reached skill level 1 in Invocations
  1347 | D:2      | Learned a level 2 spell: Blink
  1350 | D:2      | Learned a level 2 spell: Call Imp
  1354 | D:2      | Learned a level 3 spell: Conjure Flame
  1358 | D:2      | Learned a level 3 spell: Mephitic Cloud
  1432 | D:2      | Found an iron altar of Okawaru.
  1503 | D:2      | Reached skill level 1 in Fighting
  1503 | D:2      | Reached skill level 1 in Short Blades
  1503 | D:2      | Reached skill level 1 in Long Blades
  1503 | D:2      | Reached skill level 1 in Axes
  1503 | D:2      | Reached skill level 1 in Maces & Flails
  1503 | D:2      | Reached skill level 1 in Polearms
  1503 | D:2      | Reached skill level 1 in Staves
  1503 | D:2      | Reached skill level 1 in Slings
  1503 | D:2      | Reached skill level 1 in Bows
  1503 | D:2      | Reached skill level 1 in Crossbows
  1503 | D:2      | Reached skill level 1 in Throwing
  1503 | D:2      | Reached skill level 1 in Armour
  1503 | D:2      | Reached skill level 1 in Shields
  1503 | D:2      | Reached skill level 1 in Unarmed Combat
  1503 | D:2      | Reached skill level 1 in Evocations
  1547 | D:2      | Reached XP level 4. HP: 29/32 MP: 13/13
  2328 | D:3      | Reached skill level 1 in Hexes
  2328 | D:3      | Reached skill level 1 in Charms
  2328 | D:3      | Reached skill level 1 in Necromancy
  2328 | D:3      | Reached skill level 1 in Transmutations
  2328 | D:3      | Reached skill level 1 in Fire Magic
  2328 | D:3      | Reached skill level 1 in Ice Magic
  2328 | D:3      | Reached skill level 1 in Air Magic
  2328 | D:3      | Reached skill level 1 in Earth Magic
  2328 | D:3      | Reached skill level 1 in Poison Magic
  2336 | D:3      | Reached XP level 5. HP: 37/37 MP: 0/14
  2526 | D:3      | Noticed Sigmund
  2921 | D:3      | Killed Sigmund
  2921 | D:3      | Reached skill level 5 in Dodging
  2921 | D:3      | Reached XP level 6. HP: 38/44 MP: 0/16
  3179 | D:3      | Found a deep blue altar of Sif Muna.
  3204 | D:3      | Became a worshipper of Sif Muna the Loreminder
  3284 | D:3      | Found a basalt altar of Yredelemnul.
  3679 | D:4      | Reached XP level 7. HP: 33/50 MP: 5/18
  4617 | D:4      | Found a shadowy altar of Dithmenos.
  4838 | D:4      | Found a runed translucent door.
  4839 | D:4      | Noticed Crazy Yiuf
  5155 | D:5      | Entered Level 5 of the Dungeon
  5340 | D:5      | Reached skill level 5 in Stealth
  5594 | D:5      | Noticed a steam dragon
  5610 | D:5      | Killed a steam dragon
  5610 | D:5      | Reached * piety under Sif Muna
  5610 | D:5      | Reached XP level 8. HP: 51/57 MP: 5/19
  6253 | D:5      | Reached skill level 8 in Spellcasting
  6427 | D:5      | Found a snail-covered altar of Cheibriados.
  7155 | D:6      | Reached XP level 9. HP: 35/65 MP: 17/21
  7339 | D:6      | Found a staircase to the Ecumenical Temple.
  7688 | D:7      | Noticed Menkaure
  7719 | D:7      | Killed Menkaure
  8433 | D:7      | Learned a level 4 spell: Summon Ice Beast
  8835 | D:7      | Reached skill level 5 in Evocations
  9151 | D:7      | Noticed a manticore
  9162 | D:7      | Killed a manticore
  9162 | D:7      | Reached ** piety under Sif Muna
  9162 | D:7      | Reached skill level 5 in Invocations
  9814 | D:7      | Reached XP level 10. HP: 43/73 MP: 13/22
  9967 | D:7      | Found the +4 dagger "Morg" {pain, MR+ Int+5}
 10754 | D:8      | Noticed a two-headed ogre
 10774 | D:8      | Killed a two-headed ogre
 10774 | D:8      | Reached skill level 5 in Fighting
 10774 | D:8      | Reached skill level 5 in Short Blades
 10774 | D:8      | Reached skill level 5 in Long Blades
 10774 | D:8      | Reached skill level 5 in Axes
 10774 | D:8      | Reached skill level 5 in Maces & Flails
 10774 | D:8      | Reached skill level 5 in Polearms
 10774 | D:8      | Reached skill level 5 in Staves
 10774 | D:8      | Reached skill level 5 in Slings
 10774 | D:8      | Reached skill level 5 in Bows
 10774 | D:8      | Reached skill level 5 in Crossbows
 10774 | D:8      | Reached skill level 5 in Throwing
 10774 | D:8      | Reached skill level 5 in Armour
 10774 | D:8      | Reached skill level 5 in Shields
 10774 | D:8      | Reached skill level 5 in Unarmed Combat
 11689 | D:8      | Found a runed translucent door.
 11717 | D:8      | Reached skill level 9 in Spellcasting
 12432 | D:8      | Noticed Irenicus's ghost (amateur DDEE)
 12912 | D:9      | Reached skill level 5 in Conjurations
 12912 | D:9      | Reached skill level 5 in Summonings
 12912 | D:9      | Reached skill level 5 in Translocations
 13110 | D:9      | Found a hide-covered altar of Uskayaw.
 13255 | D:9      | Found a radiant altar of Vehumet.
 13309 | D:9      | Reached *** piety under Sif Muna
 13915 | D:9      | Learned a level 2 spell: Poisonous Vapours
 14094 | D:9      | Found a staircase to the Lair.
 14166 | D:9      | Reached XP level 11. HP: 81/81 MP: 17/24
 14399 | D:10     | Entered Level 10 of the Dungeon
 14850 | D:10     | Noticed Grum
 15249 | D:10     | Learned a level 4 spell: Olgreb's Toxic Radiance
 15255 | D:10     | Learned a level 5 spell: Venom Bolt
 15651 | D:10     | Noticed Sonja
 15881 | D:10     | Killed Sonja
 15881 | D:10     | Reached skill level 5 in Hexes
 15881 | D:10     | Reached skill level 5 in Charms
 15881 | D:10     | Reached skill level 5 in Necromancy
 15881 | D:10     | Reached skill level 5 in Transmutations
 15881 | D:10     | Reached skill level 5 in Fire Magic
 15881 | D:10     | Reached skill level 5 in Ice Magic
 15881 | D:10     | Reached skill level 5 in Air Magic
 15881 | D:10     | Reached skill level 5 in Earth Magic
 15881 | D:10     | Reached skill level 5 in Poison Magic
 15898 | D:10     | Killed Grum
 16088 | D:10     | Found a staircase to the Orcish Mines.
 16145 | D:10     | Noticed Maurice
 16159 | D:10     | Killed Maurice
 16359 | D:11     | Noticed a cyclops
 16359 | D:11     | Noticed a two-headed ogre
 16399 | Lair:1   | Entered Level 1 of the Lair of Beasts
 16642 | Lair:1   | Got a fine iron amulet
 16680 | Lair:1   | Slain by a spiny frog

Skill      XL: |  1  2  3  4  5  6  7  8  9 10 11 |
---------------+----------------------------------+-----
Conjurations   | 2 3 4 5 |  5.6
Summonings     | 2 3 4 5 |  5.6
Translocations | 2 3 4 5 |  5.6
Invocations    | 1 2 3 4 5 6 |  6.8
Fighting       | 1 2 3 4 5 6 |  6.2
Short Blades   | 1 2 3 4 5 6 |  6.2
Long Blades    | 1 2 3 4 5 6 |  6.2
Axes           | 1 2 3 4 5 6 |  6.2
Maces & Flails | 1 2 3 4 5 6 |  6.2
Polearms       | 1 2 3 4 5 6 |  6.2
Staves         | 1 2 3 4 5 6 |  6.2
Slings         | 1 2 3 4 5 6 |  6.2
Bows           | 1 2 3 4 5 6 |  6.2
Crossbows      | 1 2 3 4 5 6 |  6.2
Throwing       | 1 2 3 4 5 6 |  6.2
Armour         | 1 2 3 4 5 6 |  6.2
Shields        | 1 2 3 4 5 6 |  6.2
Unarmed Combat | 1 2 3 4 5 6 |  6.2
Evocations     | 1 2 3 5 7 8 |  8.2
Hexes          | 1 2 3 4 5 |  5.1
Charms         | 1 2 3 4 5 |  5.1
Necromancy     | 1 2 3 4 5 |  5.1
Transmutations | 1 2 3 4 5 |  5.1
Fire Magic     | 1 2 3 4 5 |  5.1
Ice Magic      | 1 2 3 4 5 |  5.1
Air Magic      | 1 2 3 4 5 |  5.1
Earth Magic    | 1 2 3 4 5 |  5.1
Poison Magic   | 1 2 3 4 5 |  5.1
Dodging        | 5 6 7 |  7.8
Stealth        | 5 6 7 |  7.6
Spellcasting   | 8 9 |  9.5

Action                   |  1- 3 |  4- 6 |  7- 9 | 10-12 || total
-------------------------+-------+-------+-------+-------++-------
Melee: Dagger            |    65 |   111 |   353 |   372 ||   901
       Unarmed           |     3 |       |       |       ||     3
       Bite              |     4 |    12 |    37 |    30 ||    83
       Punch             |       |     2 |     7 |     8 ||    17
       Rapier            |       |    13 |       |       ||    13
       Quarterstaff      |       |     2 |   103 |       ||   105
 Cast: Magic Dart        |    38 |    93 |   175 |   161 ||   467
       Mephitic Cloud    |       |     2 |    10 |    14 ||    26
       Conjure Flame     |       |     1 |     6 |     9 ||    16
       Call Imp          |       |       |     7 |       ||     7
       Summon Ice Beast  |       |       |     1 |    21 ||    22
       Poisonous Vapours |       |       |       |     9 ||     9
       Blink             |       |       |       |     1 ||     1
       Venom Bolt        |       |       |       |     8 ||     8
Evoke: Wand              |       |     1 |       |       ||     1
       Fan of gales      |       |       |       |     1 ||     1
  Use: Scroll            |     8 |     2 |     9 |     7 ||    26
       Potion            |       |     3 |     6 |     1 ||    10
 Stab: Sleeping          |    10 |     1 |    17 |     6 ||    34
       Confused          |       |     1 |     5 |    10 ||    16
  Eat: Chunk             |     2 |     3 |    11 |    15 ||    31
       Ration            |       |     1 |     3 |     2 ||     6
Armor: Robe              |     6 |    37 |   139 |    55 ||   237
       Troll leather arm |       |       |       |    12 ||    12
Dodge: Dodged            |    58 |   123 |   391 |   273 ||   845
